 Dungeon Crawl Stone Soup version 0.24-a0-584-g9d6b971ae4 (webtiles) character file.

Game seed: 12987766589550549704, levelgen mode: deterministic

101 Mithandil the Skirmisher (level 4, -5/37 HPs)
             Began as a Demonspawn Abyssal Knight on Sept 6, 2019.
             Was a Follower of Lugonu.
             Slain by an ogre
             ... wielding a +0 giant spiked club
              (26 damage)
             ... on level 4 of the Dungeon.
             The game lasted 00:14:59 (2718 turns).

Mithandil the Skirmisher (DsAK)                     Turns: 2718, Time: 00:14:59

Health: -5/37      AC:  7    Str: 14      XL:     4   Next: 48%
Magic:  6/6        EV:  8    Int: 10 (13) God:    Lugonu [*.....]
Gold:   188        SH:  3    Dex: 13 (14) Spells: 3/3 levels left

rFire    . . .     SeeInvis +   a - +1 falchion
rCold    . . .     Gourm    +   E - +0 buckler
rNeg     . . .     Faith    .   f - +0 scale mail
rPois    .         Spirit   .   (helmet restricted)
rElec    .         Reflect  .   s - +0 cloak
rCorr    .         Harm     .   (no gloves)
MR       .....     Rnd*Rage +   (no boots)
Stlth    ..........             e - amulet of the gourmand
HPRegen  0.12/turn              v - ring of see invisible
MPRegen  0.10/turn              (no ring)

@: no status effects
A: horns 1, agile 1, berserk 1, evolution 1
a: Depart the Abyss, Renounce Religion


You were on level 4 of the Dungeon.
You worshipped Lugonu.
Lugonu was aware of your devotion.
You were completely stuffed.

You visited 1 branch of the dungeon, and saw 4 of its levels.
You visited the Abyss 1 time.

You collected 188 gold pieces.

Inventory:

Hand Weapons
 a - a +1 falchion (weapon)
 b - a +0 hunting sling
 l - a +1 mace of protection
 u - a +0 trident
 y - a +3 quarterstaff of chaos
 z - a +0 mace of protection
 A - a +0 short sword
 B - a +5 club
Missiles
 h - 21 bolts
 j - 18 poisoned darts (quivered)
 k - 72 stones
 o - 4 datura-tipped darts
 w - 15 arrows
Armour
 f - a +0 scale mail (worn)
 s - a +0 cloak (worn)
 E - a +0 buckler (worn)
Magical Staves
 t - an uncursed staff of wizardry
Jewellery
 e - an amulet of the gourmand (around neck)
 v - a ring of see invisible (left hand)
Scrolls
 d - a scroll of remove curse
 g - a scroll of magic mapping {unknown}
 i - a scroll of immolation {unknown}
 m - 3 scrolls of teleportation
 n - a scroll of fog
 p - 2 scrolls of identify
 q - a scroll of noise {unknown}
Potions
 r - 4 potions of curing
 x - a potion of mutation
 D - a potion of flight {unknown}
Comestibles
 c - 7 rations
 C - 2 chunks of flesh


   Skills:
 * Level 3.9 Fighting
 * Level 2.7 Long Blades
 - Level 1.7 Armour
 + Level 1.5 Dodging
 + Level 1.2 Stealth
 * Level 0.0 Shields
 + Level 3.2 Invocations


You had 3 spell levels left.
You didn't know any spells.
Your spell library was empty.

Dungeon Overview and Level Annotations

Branches:
Dungeon (4/15)
 Temple: D:4-7

Altars:
Hepliaklqana
Ru
Sif Muna
Uskayaw
Xom

Annotations:
D:3 1 runed translucent door, Gynju's ghost, amateur HOFi


Innate Abilities, Weirdness & Mutations

You have a pair of small horns on your head.
You are agile. (Dex +2)
You tend to lose your temper in combat.
You evolve.


Message History

You kill the giant cockroach!
Lugonu accepts your kill.
m - 3 scrolls of teleportation (gained 1)
You see here a giant cockroach corpse.
You butcher the giant cockroach corpse.
C - 2 chunks of flesh (gained 1)
An ogre comes into view. It is wielding a +0 giant spiked club.
The ogre shouts!
You slash the ogre! Your headbutt misses the ogre.
The ogre is moderately wounded.
The ogre closely misses you.
You hit the ogre.
The ogre is heavily wounded.
The ogre hits you with a +0 giant spiked club!
You hit the ogre.
You headbutt the ogre, but do no damage.
The ogre is severely wounded.
The ogre hits you with a +0 giant spiked club!!
Ouch! That really hurt!
You die...

##### #...
##.######.##
#.....@O...#
##.######..#
#..# #.
###..## #.#
#.....#
###.####.###.#
........# #.#
........###.#
#.###......#


You could see an ogre.

Vanquished Creatures
  Crazy Yiuf (D:2)
  Robin (D:2)
  3 worms
  A dart slug (D:2)
  2 leopard geckos
  An orc (D:3)
  2 bats (D:3)
  A giant cockroach (D:4)
  13 goblins
  2 hobgoblins
  4 jackals (D:1)
  6 kobolds
  A ball python (D:2)
  A frilled lizard (D:2)
  5 rats
44 creatures vanquished.

Notes
Turn   | Place    | Note
-------+----------+-------------------------------------------
     0 | Abyss:1  | Mithandil the Demonspawn Abyssal Knight began the quest for
                  | the Orb.
     0 | Abyss:1  | Reached XP level 1. HP: 18/18 MP: 2/2
    44 | Abyss:1  | Noticed a lich
    48 | D:1      | Escaped the Abyss
    73 | D:1      | Found a hazy altar of Hepliaklqana.
   109 | D:1      | Reached * piety under Lugonu
   141 | D:1      | Reached skill level 1 in Dodging
   417 | D:1      | Gained mutation: You have a pair of small horns on your
                  | head. [demonic ancestry]
   417 | D:1      | Reached XP level 2. HP: 24/24 MP: 3/3
  1462 | D:2      | Reached XP level 3. HP: 29/29 MP: 5/5
  1523 | D:2      | Gained mutation: You tend to lose your temper in combat.
                  | [potion of mutation]
  1523 | D:2      | Gained mutation: You evolve. [potion of mutation]
  1652 | D:2      | Found a runed translucent door.
  1653 | D:2      | Noticed Crazy Yiuf
  1660 | D:2      | Killed Crazy Yiuf
  1660 | D:2      | Reached skill level 1 in Stealth
  1734 | D:2      | Noticed Robin
  1739 | D:2      | Reached XP level 4. HP: 12/37 MP: 6/6
  1743 | D:2      | Killed Robin
  2412 | D:3      | Found a shimmering altar of Xom.
  2414 | D:3      | Found a shimmering blue altar of Sif Muna.
  2414 | D:3      | Found a hide-covered altar of Uskayaw.
  2416 | D:3      | Found a white marble altar of Elyvilon.
  2416 | D:3      | Found a shimmering altar of Xom.
  2416 | D:3      | Found a sacrificial altar of Ru.
  2594 | D:3      | Found a runed translucent door.
  2599 | D:3      | Noticed Gynju's ghost (amateur HOFi)
  2602 | D:3      | Gained mutation: You are agile. (Dex +2) [evolution]
  2712 | D:4      | Noticed an ogre
  2718 | D:4      | Slain by an ogre

Levels and vault maps discovered:
D:1:      sevenhm_arrival_forest_fort_small_6, layout_basic
D:2:      layout_basic, uniq_robin, uniq_crazy_yiuf_cottage
D:3:      layout_rooms, ebering_ghost_reflecting_pool, roderic_serpentine_path,
          doesnt_xom_only_xom
D:4:      layout_loops_ring, nicolae_overflow_crystal_walls, minmay_mini_jars

Skill      XL: |  1  2  3 |
---------------+----------+-----
Dodging        | 1 |  1.5
Long Blades    | 2 |  2.7
Stealth        | 1 |  1.2
Invocations    | 3 |  3.2
Fighting       | |  3.9
Armour         | |  1.7

Action                   |  1- 3 |  4- 6 || total
-------------------------+-------+-------++-------
Melee: Falchion          |    84 |    37 ||   121
       Headbutt          |    14 |     8 ||    22
 Fire: Hunting sling     |       |     3 ||     3
Invok: Depart the Abyss  |     1 |       ||     1
  Use: Potion            |     7 |     1 ||     8
       Scroll            |     2 |     6 ||     8
  Eat: Chunk             |    13 |     4 ||    17
Armor: Scale mail        |    35 |    24 ||    59
Dodge: Dodged            |    37 |    17 ||    54
       Rpst.: Falchion   |    12 |     4 ||    16

Table legend:
 A = Non-vault XP
 B = Vault XP
 C = Vault XP percentage of total XP
 D = Non-vault monster count
 E = Vault monster count
 F = Vault count percentage of total count
                 A         B        C        D         E       F
            +---------+---------+-------+---------+---------+-------
      Total |      67 |      78 |  53.8 |      32 |      12 |  27.3
            +---------+---------+-------+---------+---------+-------
        D:1 |      22 |       0 |   0.0 |      12 |       0 |   0.0
        D:2 |      21 |      78 |  78.8 |       8 |      12 |  60.0
        D:3 |      22 |       0 |   0.0 |      11 |       0 |   0.0
        D:4 |       2 |       0 |   0.0 |       1 |       0 |   0.0
            +---------+---------+-------+---------+---------+-------
